AoeStats
← El-Kiody

Black Forest

509965276Analyzed
2v2 RM · 2d ago on Sep 28, 2026· 61m 16s· 4 players
Game mode
Random Map
Map size
Medium (4 player)
Population
200
Speed
Normal
Resources
Standard
Victory
Conquest
Starting age
Dark Age
Ending age
Imperial Age
RankedLock teamsTeams togetherTeam positionsShared explorationLock speedFull tech treeHidden civsTurbo modeCheats
Victory
Defeat
🇮🇹 Spanish · Italy
422
+22
🇺🇸 Magyars · United States
408
+22
🇸🇪 Varangians · Sweden
559
-22
🇮🇹 Portuguese · Italy
548
-22
El-Kiody
0:58 Loom
12:17 Feudal Age
14:21 Double-Bit Axe
15:00 Horse Collar
16:21 Wheelbarrow
16:38 Stone Mining
16:43 Town Watch
24:42 Castle Age
24:22 Gold Mining
25:23 Heavy Plow
25:37 Bow Saw
27:28 Hand Cart
30:47 Fervor
36:01 Imperial Age
35:20 Stone Shaft Mining
37:23 Conscription
38:44 Two-Man Saw
38:39 Fletching
38:49 Padded Archer Armor
39:07 Elite Skirmisher
39:54 Thumb Ring
40:13 Ballistics
39:50 Murder Holes
40:56 Chemistry
41:57 Inquisition
42:01 Squires
41:46 Gambesons
41:47 Arson
44:32 Hoardings
44:48 Town Patrol
45:27 Scale Barding Armor
45:33 Forging
45:25 Scale Mail Armor
45:40 Leather Archer Armor
45:21 Bodkin Arrow
45:39 Caravan
47:30 Elite Conquistador
47:52 Pikeman
48:42 Husbandry
48:53 Bloodlines
49:21 Fortified Wall
54:52 Illumination
54:43 Block Printing
55:03 Theocracy
53:58 Halberdier
58:13 Chain Mail Armor
58:33 Iron Casting
58:19 Chain Barding Armor
KanakaMaoli2267
0:42 Loom
14:52 Feudal Age
17:12 Wheelbarrow
21:44 Double-Bit Axe
22:43 Horse Collar
23:46 Fletching
30:45 Castle Age
31:34 Heavy Plow
31:51 Bow Saw
31:39 Gold Mining
31:39 Stone Mining
32:13 Hand Cart
34:02 Caravan
34:30 Fervor
34:44 Sanctity
35:10 Gold Shaft Mining
35:49 Thumb Ring
35:12 Crossbowman
36:42 Treadmill Crane
37:35 Ballistics
37:14 Murder Holes
41:12 Imperial Age
41:19 Imperial Age
39:38 Pikeman
41:16 Masonry
41:00 Guard Tower
41:52 Town Watch
42:36 Conscription
42:17 Corvinian Army
42:20 Recurve Bow
43:03 Hoardings
43:06 Bodkin Arrow
43:27 Padded Archer Armor
43:45 Scale Mail Armor
44:23 Husbandry
47:19 Two-Man Saw
46:15 Arson
45:57 Halberdier
46:01 Man-at-Arms
47:39 Parthian Tactics
47:43 Bloodlines
47:54 Town Patrol
49:26 Chemistry
49:44 Crop Rotation
50:46 Elite Magyar Huszar
51:15 Long Swordsman
54:51 Siege Engineers
54:39 Heated Shot
54:55 Bracer
55:11 Leather Archer Armor
55:14 Chain Mail Armor
55:05 Scale Barding Armor
58:37 Heavy Scorpion
59:13 Two-Handed Swordsman
60:43 Chain Barding Armor
60:55 Ring Archer Armor
Ronny. F Sweden
0:31 Loom
16:00 Feudal Age
17:23 Town Watch
18:14 Wheelbarrow
17:29 Double-Bit Axe
17:37 Stone Mining
17:40 Gold Mining
17:56 Horse Collar
23:19 Castle Age
21:24 Padded Archer Armor
21:24 Scale Mail Armor
21:15 Fletching
21:30 Scale Barding Armor
24:38 Town Patrol
24:40 Heavy Plow
25:07 Leather Archer Armor
25:08 Chain Mail Armor
26:57 Hand Cart
26:55 Murder Holes
27:11 Fortified Wall
27:22 Treadmill Crane
28:03 Caravan
28:57 Coinage
29:03 Forging
30:01 Heated Shot
31:15 Guard Tower
32:51 Bow Saw
33:19 Stone Shaft Mining
33:21 Devotion
33:21 Atonement
33:31 Fervor
33:17 Herbal Medicine
34:08 Ballistics
35:39 Masonry
35:52 Chain Barding Armor
35:28 Bodkin Arrow
37:41 Iron Casting
40:33 Imperial Age
38:31 Vendel Legacy
41:30 Arson
41:05 Pikeman
41:06 Man-at-Arms
41:46 Squires
41:32 Gambesons
42:43 Banking
42:24 Guilds
43:17 Chemistry
42:59 Conscription
44:02 Architecture
42:57 Elite Skirmisher
42:58 Crossbowman
43:19 Elite Varangian Guard
43:20 Halberdier
43:21 Long Swordsman
43:23 Cranequins
44:58 Illumination
45:09 Theocracy
44:56 Siege Engineers
46:12 Ring Archer Armor
47:55 Blast Furnace
46:56 Bracer
47:10 Capped Ram
49:17 Two-Man Saw
48:34 Husbandry
47:55 Light Cavalry
48:45 Bloodlines
50:10 Plate Barding Armor
49:31 Onager
49:33 Siege Ram
49:36 Two-Handed Swordsman
50:28 Bloodlines
50:06 Gothikon
51:57 Elite Jarl
53:25 Plate Mail Armor
56:44 Faith
55:53 Heavy Mounted Crossbowman
Giampy12
0:46 Loom
14:39 Feudal Age
19:56 Castle Age
20:03 Double-Bit Axe
23:23 Coinage
24:06 Bow Saw
34:19 Imperial Age
34:23 Husbandry
34:34 Bloodlines
33:44 Light Cavalry
35:10 Onager
36:41 Wheelbarrow
39:15 Chemistry
38:36 Ballistics
38:07 Heated Shot
38:28 Fortified Wall
38:23 Siphons
38:15 Murder Holes
38:01 Treadmill Crane
40:04 Banking
39:45 Guilds
39:21 Cavalier
42:21 Sappers
43:27 Bombard Tower
42:58 Guard Tower
45:23 Scale Barding Armor
45:28 Forging
45:19 Scale Mail Armor
49:42 Fervor
49:33 Atonement
Connection lost

Rejoining the realm…

Still unreachable

The connection could not be restored.

Session expired

The server has moved on; the page needs a fresh start.